Map: Echo of the past

Players

Maplez - Winner!

  • Race: Protoss Protoss
  • League: Master

TRaFFiC

  • Race: Zerg Zerg
  • League: Diamond

VOD

Have the link to the VOD?

Description

dave is awesome and amazing :P dave is awesome and amazing :P dave is awesome and amazing :P dave is awesome and amazing :P dave is awesome and amazing :P dave is awesome and amazing :P dave is awesome and amazing :P dave is awesome and amazing :P dave is awesome and amazing :P dave is awesome and amazing :P dave is awesome and amazing :P dave is awesome and amazing :P dave is awesome and amazing :P dave is awesome and amazing :P dave is awesome and amazing :P

Time

  • Played on: Sept. 4, 2016, 3:21 p.m.
  • Length: 15:04
Show
View Real Time Build Order
Export as new Build Order

Maplez Protoss - Winner!

Build Orders: Nexus First 

Get SALT Encoding   

  12  0:01  Probe (Chrono Boost)  
  13  0:11  Probe (Chrono Boost)  
  14  0:18  Pylon  
  14  0:23  Probe (Chrono Boost)  
  15  0:36  Probe (Chrono Boost)  
  16  0:47  Probe (Chrono Boost)  
  17  0:57  Probe (Chrono Boost)  
  18  1:05  Nexus  
  18  1:16  Gateway  
  18  1:20  Probe (Chrono Boost)  
  18  1:25  Assimilator  
  19  1:30  Assimilator  
  19  1:34  Probe (Chrono Boost)  
  20  1:44  Probe (Chrono Boost)  
  21  1:55  Probe (Chrono Boost)  
  22  2:04  Cybernetics Core  
  22  2:06  Gateway  
  22  2:11  Pylon  
  22  2:13  Probe (Chrono Boost)  
  23  2:18  Probe (Chrono Boost)  
  24  2:24  Probe (Chrono Boost)  
  25  2:30  Probe (Chrono Boost)  
  25  2:34  Probe (Chrono Boost)  
  27  2:37  Adept  
  27  2:41  Warp Gate  
  27  2:42  Probe (Chrono Boost)  
  30  2:47  Pylon  
  31  2:51  Probe (Chrono Boost)  
  31  2:54  Stalker  
  33  3:02  Probe x2 (Chrono Boost)  
  35  3:12  Probe (Chrono Boost)  
  37  3:14  Probe (Chrono Boost)  
  37  3:22  Twilight Council  
  37  3:23  Probe (Chrono Boost)  
  37  3:26  Probe (Chrono Boost)  
  39  3:28  Adept  
  39  3:33  Probe (Chrono Boost)  
  42  3:38  Probe (Chrono Boost)  
  43  3:42  Pylon  
  43  3:44  Probe (Chrono Boost)  
  45  3:50  Resonating Glaives, Probe (Chrono Boost)  
  45  3:54  Probe (Chrono Boost)  
  46  4:02  Probe (Chrono Boost)  
  47  4:05  Probe (Chrono Boost), Assimilator  
  48  4:16  Probe (Chrono Boost)  
  51  4:17  Mothership Core (Chrono Boost)  
  51  4:21  Nexus  
  50  4:27  Probe (Chrono Boost)  
  50  4:29  Robotics Facility  
  51  4:36  Probe (Chrono Boost)  
  51  4:37  Gateway  
  52  4:39  Gateway  
  52  4:40  Probe (Chrono Boost), Gateway  
  53  4:54  Pylon  
  53  5:00  Pylon  
  53  5:01  Probe (Chrono Boost)  
  53  5:04  Assimilator  
  54  5:13  Probe (Chrono Boost)  
  55  5:15  Probe (Chrono Boost)  
  56  5:23  Warp Prism  
  56  5:25  Adept, Probe (Chrono Boost)  
  56  5:26  Adept, Probe (Chrono Boost)  
  62  5:35  Stargate  
  62  5:36  Probe x2 (Chrono Boost)  
  62  5:37  Stargate  
  62  5:38  Probe (Chrono Boost)  
  65  5:43  Gateway  
  65  5:44  Adept  
  65  5:45  Adept x2  
  65  5:47  Probe (Chrono Boost)  
  72  5:50  Pylon  
  72  5:51  Pylon  
  72  5:57  Observer, Probe (Chrono Boost)  
  72  5:58  Probe (Chrono Boost)  
  72  5:59  Probe (Chrono Boost)  
  72  6:00  Blink  
  76  6:08  Probe x2 (Chrono Boost)  
  76  6:10  Adept x2  
  76  6:11  Adept  
  84  6:15  Probe (Chrono Boost)  
  84  6:16  Pylon  
  85  6:19  Probe (Chrono Boost)  
  85  6:22  Phoenix x2  
  90  6:27  Probe (Chrono Boost)  
  90  6:29  Assimilator  
  91  6:33  Gateway  
  91  6:38  Gateway  
  92  6:41  Probe (Chrono Boost)  
  92  6:44  Adept, Probe (Chrono Boost), Sentry, Forge  
  92  6:45  Phoenix  
  97  6:48  Phoenix  
  97  6:50  Probe (Chrono Boost)  
  102  6:57  Immortal  
  102  7:06  Probe (Chrono Boost)  
  102  7:07  Pylon, Phoenix  
  109  7:18  Protoss Ground Weapons Level 1  
  109  7:21  Probe (Chrono Boost)  
  108  7:24  Phoenix  
  108  7:28  Adept x2  
  108  7:29  Adept, Probe (Chrono Boost)  
  117  7:34  Assimilator  
  117  7:47  Pylon, Fleet Beacon  
  117  7:48  Pylon  
  117  7:51  Pylon  
  117  8:02  Phoenix  
  122  8:07  Probe x3 (Chrono Boost)  
  122  8:12  Nexus  
  122  8:14  Pylon  
  122  8:16  Adept x7  
  122  8:19  Probe x2 (Chrono Boost)  
  137  8:25  Carrier  
  138  8:27  Probe (Chrono Boost)  
  138  8:28  Observer  
  138  8:29  Carrier  
  138  8:32  Pylon  
  139  8:34  Pylon  
  149  8:42  Protoss Air Weapons Level 1  
  149  8:50  Pylon  
  149  8:52  Probe (Chrono Boost)  
  149  8:54  Graviton Catapult  
  149  8:55  Pylon x2  
  150  8:59  Pylon  
  150  9:16  Protoss Shields Level 1  
  150  9:27  Stargate  
  150  9:33  Assimilator  
  150  9:34  Assimilator  
  150  9:36  Adept x7  
  150  9:37  Adept  
  170  9:39  Observer, Carrier  
  165  10:07  Carrier  
  152  10:21  Protoss Air Weapons Level 2  
  157  10:26  Stalker x4  
  157  10:27  Stalker x3  
  171  10:41  Nexus  
  171  10:45  Assimilator  
  171  10:49  Assimilator  
  171  10:55  Carrier  
  172  11:15  Adept x8  
  175  11:27  Carrier  
  179  11:36  Adept x5  
  189  11:48  Carrier  
  189  11:52  Adept  
  189  11:53  Adept  
  189  12:21  Carrier  
  195  12:26  Zealot x2  
  185  13:28  Zealot x6  
  185  13:29  Zealot  
  187  13:35  Cybernetics Core  
  187  13:54  Pylon  
  189  14:10  Warp Prism  
  189  14:13  Pylon  
  189  14:14  Templar Archives  
  191  14:26  Nexus, Pylon  
  191  14:27  Pylon  
  191  14:30  Assimilator  
  149  14:57  Adept x2  
  149  14:58  Adept x5  
Show
View Real Time Build Order
Export as new Build Order

TRaFFiC Zerg 

Build Orders: Hatch First, Lurkers 

Get SALT Encoding   

  12  0:01  Drone  
  13  0:15  Overlord  
  13  0:18  Drone  
  14  0:33  Drone x2  
  16  0:38  Drone  
  17  0:55  Hatchery  
  16  0:58  Drone  
  16  1:00  Drone  
  18  1:13  Extractor  
  18  1:16  Spawning Pool  
  16  1:18  Drone  
  16  1:22  Drone  
  18  1:31  Drone  
  19  1:45  Overlord  
  19  1:55  Drone  
  20  2:07  Queen  
  20  2:08  Queen  
  24  2:09  Zergling x2  
  24  2:10  Drone  
  26  2:17  Metabolic Boost  
  26  2:19  Drone x2  
  28  2:25  Drone  
  29  2:33  Drone  
  30  2:41  Zergling x2  
  30  2:42  Zergling x2  
  32  2:46  Zergling x2  
  33  2:51  Overlord  
  33  3:02  Drone x2  
  35  3:07  Queen, Spore Crawler  
  35  3:15  Drone x2  
  38  3:24  Drone  
  38  3:25  Overlord  
  39  3:28  Drone x5  
  39  3:32  Roach Warren  
  43  3:36  Hatchery  
  42  3:42  Overlord  
  42  3:54  Drone x4  
  46  4:03  Drone x4  
  50  4:10  Extractor  
  50  4:12  Evolution Chamber, Extractor  
  50  4:14  Lair  
  50  4:16  Roach  
  49  4:20  Drone x2  
  51  4:32  Roach  
  52  4:45  Spore Crawler  
  52  4:48  Zerg Missile Weapons Level 1  
  52  4:50  Drone x3  
  54  5:00  Overlord x3  
  54  5:02  Drone x5  
  59  5:12  Drone x6  
  64  5:25  Drone x2  
  64  5:26  Drone x2  
  66  5:29  Overseer  
  66  5:32  Hydralisk Den  
  66  5:34  Roach x2  
  69  5:37  Drone x3  
  72  5:45  Extractor  
  72  5:46  Drone x2  
  72  5:47  Extractor, Drone  
  73  5:51  Hatchery  
  72  5:58  Extractor  
  72  5:59  Overlord  
  72  6:00  Overlord x3  
  72  6:02  Lurker Den  
  71  6:05  Roach x2  
  71  6:06  Roach x3  
  81  6:28  Drone  
  81  6:29  Drone x5  
  81  6:30  Drone  
  81  6:32  Ravager x3  
  91  6:36  Roach, Zergling x4  
  91  6:37  Zergling x16  
  103  6:44  Zerg Missile Weapons Level 2  
  103  6:48  Ravager x2  
  103  6:49  Ravager  
  103  6:50  Zergling x6  
  109  6:56  Queen  
  111  7:14  Roach x2  
  111  7:15  Zergling x4  
  113  7:22  Drone x7  
  119  7:24  Overlord x2  
  119  7:36  Overlord x5  
  119  7:53  Hydralisk x10  
  139  7:59  Roach x3  
  139  8:00  Zergling x4  
  147  8:05  Extractor  
  147  8:06  Extractor  
  147  8:12  Spore Crawler  
  142  8:14  Spore Crawler  
  142  8:15  Spore Crawler  
  142  8:18  Spore Crawler, Drone x3  
  142  8:19  Drone x6  
  148  8:20  Spore Crawler  
  148  8:22  Muscular Augments  
  148  8:24  Hydralisk x3  
  152  8:33  Hydralisk x5  
  162  8:35  Zergling x2  
  162  8:40  Hydralisk  
  158  8:41  Zergling x2  
  158  8:42  Zergling x6  
  162  8:56  Lurker x5  
  162  9:01  Lurker  
  168  9:07  Queen  
  168  9:08  Zergling x10  
  175  9:25  Overlord  
  175  9:26  Overlord x5  
  175  9:36  Overlord  
  175  9:37  Overlord x2  
  175  9:39  Overseer x2  
  175  9:43  Queen  
  177  9:48  Zergling x12  
  177  9:49  Zergling x2  
  184  9:54  Lurker x4  
  182  10:10  Zergling x20  
  182  10:11  Zergling x2  
  188  10:14  Zergling x4  
  188  10:45  Hydralisk  
  188  10:46  Roach x3, Hydralisk, Zergling x2  
  192  10:58  Hydralisk x5  
  163  11:20  Hydralisk x10  
  174  11:27  Infestation Pit  
  174  11:28  Drone x2  
  173  11:47  Drone x7  
  173  11:48  Drone x3  
  179  11:55  Hydralisk x2  
  177  12:37  Spore Crawler  
  177  12:39  Spore Crawler  
  177  12:42  Spore Crawler x2  
  168  12:47  Hydralisk x11  
  168  12:48  Hydralisk  
  170  13:31  Hatchery  
  140  13:38  Hydralisk  
  140  13:39  Hydralisk x8  
  140  13:40  Zergling x4  
  139  13:48  Drone  
  133  14:13  Spire  
  133  14:16  Infestation Pit  
  131  14:23  Hydralisk  
  131  14:24  Hydralisk x2  
  133  14:25  Zergling x4  
Tags
 
Add a new tag
Caveats
  • Supply blocks, unpowered buildings, or Contaminate may cause inaccurate times.
  • Supply counts are checked every 10 seconds.